 Dungeon Crawl Stone Soup version 0.28.0-53-g5a82cb258f (webtiles) character file.

Game seed: 9872604602174854897

41 Descartes the Sneak (level 3, 0/18 HPs)
             Began as a Felid Wanderer on Aug 20, 2022.
             Slain by a worm (12 damage)
             ... on level 2 of the Dungeon.
             The game lasted 00:01:55 (1372 turns).

Descartes the Sneak (Felid Wanderer)                Turns: 1372, Time: 00:01:55

Health: 0/18       AC:  1    Str: 12    XL:     3   Next: 32%
Magic:  4/4        EV: 17    Int:  9    God:
Gold:   42         SH:  0    Dex: 17    Spells: 2/2 levels left
                                        Lives:  0   Deaths: 0

rFire   . . .      SeeInvis +     - Unarmed
rCold   . . .      Faith    .   (shield unavailable)
rNeg    . . .      Spirit   .   (armour unavailable)
rPois   .          Reflect  .   (helmet unavailable)
rElec   .          Harm     .   (cloak unavailable)
rCorr   .          Rampage  .   (gloves unavailable)
Will    .....                   (boots unavailable)
Stlth   +++.......              (no amulet)
HPRegen 0.06/turn               (no ring)
MPRegen 0.09/turn               (no ring)

@: quick
A: very small, claws 1, fangs 3, see invisible, speed 1, shaggy fur 1, stealthy
paws, no weapons or thrown items, no armour, multi-lived
a: no special abilities


You were on level 2 of the Dungeon.
You visited 1 branch of the dungeon, and saw 2 of its levels.

You collected 42 gold pieces.

Inventory:

Scrolls
 b - a scroll of blinking
 c - a scroll of vulnerability
 f - a scroll of identify {unknown}
Potions
 a - a potion of heal wounds
 d - a potion of curing {unknown}
 e - 2 potions of haste {unknown}
 g - a potion of resistance {unknown}
 h - 2 potions of magic {unknown}


   Skills:
 - Level 4.0 Fighting
 * Level 2.2 Dodging
 * Level 4.6 Stealth
 * Level 2.6 Unarmed Combat
 + Level 1.4 Evocations


You had 2 spell levels left.
You didn't know any spells.
Your spell library was empty.

Dungeon Overview and Level Annotations

Branches:
Dungeon (2/15)

Altars:


Innate Abilities, Weirdness & Mutations

You have sharp claws.
You have razor-sharp teeth.
You have supernaturally acute eyesight. (SInv)
You cover ground quickly. (Speed+)
You are covered in fur. (AC +1)
Your paws help you pounce on unaware monsters.
You are incapable of wielding weapons or throwing items.
You cannot wear armour.
You gain extra lives every three experience levels.


Message History

You scratch the bat.
The bat is severely wounded.
The orc shouts!
The bat completely misses you. The giant cockroach misses you.
A worm comes into view.
You scratch the giant cockroach but do no damage.
You claw the giant cockroach, but do no damage.
The bat misses you. The bat closely misses you. The giant cockroach misses you.
You scratch the bat.
You kill the bat!
The giant cockroach bites you.
You scratch the giant cockroach.
The giant cockroach is heavily wounded.
The giant cockroach bites you.
You scratch the giant cockroach but do no damage.
The giant cockroach is heavily wounded.
The giant cockroach closely misses you. The giant cockroach bites you.
You barely miss the giant cockroach.
The giant cockroach is heavily wounded.
The goblin barely misses you. The orc closely misses you.
The giant cockroach barely misses you.
You scratch the giant cockroach.
You kill the giant cockroach!
The goblin hits you but does no damage.
A worm comes into view.
You scratch the orc.
The orc is moderately wounded.
The orc barely misses you. The goblin closely misses you.
You barely miss the orc.
The orc is moderately wounded.
The orc misses you. The goblin barely misses you.
You scratch the orc.
The orc is severely wounded.
The orc hits you with a +0 dagger. The goblin hits you with a +0 dagger.
A kobold comes into view. It is wielding a +0 whip.
You scratch the orc.
You kill the orc!
The worm bites you!
Ouch! That really hurt!
You die...

.#######... .....
..........####...w.
...................
#..............$..K
#..................
#..................
#...........)......
#.....@w.....(
####......gw.....
#................
#................
#.............###
####...............
#...........#.......
#...........+.......
#...........#.. #..


You could see 3 worms, a goblin and a kobold.

Vanquished Creatures
  3 dart slugs
  An orc (D:2)
  2 ball pythons
  6 bats
  2 endoplasms (D:1)
  2 giant cockroaches
  3 goblins (D:1)
  2 hobgoblins
  7 jackals
  A kobold (D:1)
  2 rats (D:1)
31 creatures vanquished.

Notes
Turn   | Place    | Note
-------+----------+-------------------------------------------
     0 | D:1      | Descartes the Felid Wanderer began the quest for the Orb.
     0 | D:1      | Descartes set off with the following items: a potion of
                  | heal wounds, a scroll of blinking, a scroll of
                  | vulnerability
     0 | D:1      | Reached XP level 1. HP: 11/11 MP: 2/2
   227 | D:1      | Reached skill level 1 in Dodging
   373 | D:1      | Reached XP level 2. HP: 14/15 MP: 3/3
   621 | D:1      | Noticed a shining eye
   627 | D:1      | Noticed a shining eye
   630 | D:1      | Found a faded altar of an unknown god.
   632 | D:1      | Noticed a floating eye
   632 | D:1      | Noticed a great orb of eyes
   996 | D:1      | Reached XP level 3. HP: 10/18 MP: 4/4
  1372 | D:2      | Slain by a worm

Illustrated notes

Levels and vault maps discovered:
D:1:      dpeg_arrival_rooms_a, layout_basic,
          hellmonk_ecumenical_altar_watching_god
D:2:      layout_basic

Skill      XL: |  1  2 |
---------------+-------+-----
Dodging        | 1 2 |  2.2
Fighting       | |  4.0
Stealth        | |  4.6
Unarmed Combat | |  2.6
Evocations     | |  1.4

Action                   || total
-------------------------++-------
Melee: Unarmed           ||    81
       Bite              ||     7
       Punch             ||     1
 Stab: Sleeping          ||     6
Armor: Skin              ||     6
Dodge: Dodged            ||    70
